 Dungeon Crawl Stone Soup version 0.32-a0-705-g60f233581c (webtiles) character file.

Game seed: 1604339334932517980

3093 ragingrage the Toxicologist (level 9, -12/42 HPs)
             Began as a Felid Alchemist on Mar 14, 2024.
             Was an Initiate of Kikubaaqudgha.
             Mangled by a komodo dragon (28 damage)
             ... on level 8 of the Dungeon.
             The game lasted 00:23:04 (3041 turns).

ragingrage the Toxicologist (Felid Alchemist)       Turns: 3041, Time: 00:23:05

Health: -12/42     AC:  2    Str:  4    XL:     9   Next: 59%
Magic:  7/16       EV: 18    Int: 23    God:    Kikubaaqudgha [......]
Gold:   113        SH:  0    Dex: 17    Spells: 4/16 levels left
                                        Lives:  0   Deaths: 3

rFire   . .          .
                       - Unarmed
rCold   . . .        (shield unavailable)
rNeg    . . .        (body armour unavailable)
rPois   .            (helmet unavailable)
rElec   .            (cloak unavailable)
rCorr   .            (gloves unavailable)
SInv    +            (boots unavailable)
Will    +....        (no amulet)
Stlth   ++           (no ring)
HPRegen 0.27/turn    (no ring)
MPRegen 0.15/turn

%: no passive effects
@: no status effects
A: very small, claws 1, fangs 3, see invisible, shaggy fur 2, stealthy paws, no
weapons or thrown items, no armour, multi-lived
a: Renounce Religion


You were on level 8 of the Dungeon.
You worshipped Kikubaaqudgha.
Kikubaaqudgha was noncommittal.
You visited 2 branches of the dungeon, and saw 11 of its levels.

You collected 225 gold pieces.
You spent 112 gold pieces at shops.

Inventory:

Talismans
 g - a flux talisman
Wands
 n - a wand of mindburst (15)
 t - a wand of paralysis (5)
Scrolls
 b - a scroll of fog {unknown}
 c - 2 scrolls of blinking {unknown}
 d - a scroll of immolation {unknown}
 e - 2 scrolls of vulnerability {unknown}
 f - 2 scrolls of poison {unknown}
 j - 3 scrolls of teleportation
 k - a scroll of revelation {unknown}
 l - a scroll of amnesia {unknown}
 m - a scroll of enchant weapon {unknown}
 q - 2 scrolls of enchant armour {unknown}
 r - 2 scrolls of noise
 s - 5 scrolls of identify {unknown}
 u - a scroll of acquirement {unknown}
Potions
 a - a potion of heal wounds
 h - 3 potions of haste


   Skills:
 - Level 2.0 Fighting
 - Level 5.0 Dodging
 - Level 3.0 Stealth
 + Level 3.7 Unarmed Combat
 - Level 4.0 Spellcasting
 - Level 3.0 Conjurations
 + Level 4.9 Fire Magic
 - Level 3.0 Air Magic
 + Level 8.6 Alchemy


You had 4 spell levels left.
You knew the following spells:

 Your Spells              Type           Power      Damage    Failure   Level
a - Sting                 Conj/Alch      100%       1d9       1%          1
b - Mephitic Cloud        Conj/Alch/Air  27%        N/A       4%          3
c - Sticky Flame          Fire/Alch      35%        2d7       6%          4
d - Olgreb's Toxic Radia  Alch           44%        N/A       3%          4

Your spell library contained the following spells:

 Spells                   Type           Power      Damage    Failure   Level
 Mercury Vapours          Alch/Air       62%        N/A       1%          2
 Magic Dart               Conj           72%        1d6       3%          1
 Apportation              Tloc           8%         N/A       11%         1
 Necrotise                Necr           16%        1d4       11%         1
 Summon Small Mammal      Summ           16%        N/A       11%         1
 Blink                    Tloc           8%         N/A       16%         2
 Call Imp                 Summ           8%         N/A       16%         2
 Jinxbite                 Hex            8%         N/A       16%         2
 Call Canine Familiar     Summ           4%         N/A       30%         3
 Summon Blazeheart Golem  Fire/Summ      16%        N/A       36%         4
 Alistair's Intoxication  Alch           29%        N/A       9%          5
 Sculpt Simulacrum        Ice/Alch       12%        N/A       95%         6
 Ozocubu's Refrigeration  Ice            2%         4d7       100%        7
 Polar Vortex             Ice            2%         N/A       100%        9


Dungeon Overview and Level Annotations

Branches:
Dungeon (10/15)            Temple (1/1) D:6            Lair (0/5) D:8
    Orc: D:9-12

Altars:
Cheibriados
Dithmenos
Elyvilon
Fedhas
Gozag
Hepliaklqana
Kikubaaqudgha
Makhleb
Nemelex Xobeh
Qazlal
Ru
Sif Muna
Uskayaw
Vehumet
Wu Jian
Xom
The Shining One

Shops:
D:4 =   D:5 :?=   D:6 =*[!   D:8 (

Annotations:
D:7 Joseph
D:8 Grum
D:9 exclusion: downstairs
D:10 Nergalle


Innate Abilities, Weirdness & Mutations

You have sharp claws.
You have razor-sharp teeth.
You have supernaturally acute eyesight. (SInv)
You are covered in thick fur. (AC +2)
Your paws help you pounce on unaware monsters.
You are incapable of wielding weapons or throwing items.
You cannot wear armour.
You gain extra lives every three experience levels.


Message History

The komodo dragon is engulfed in noxious fumes.
The komodo dragon appears confused.
Aiming: Sting (safe; 1% risk of failure)
Press: ? - help, Q - select action, (/) - cycle Shift-Dir - straight line, f - komodo dragon
Aim: a komodo dragon (noxious fumes, water, confused, 95% to hit)
The sting hits the komodo dragon.
The komodo dragon is poisoned.
The komodo dragon is engulfed in noxious fumes.
The komodo dragon appears confused.
The komodo dragon is engulfed in noxious fumes.
The komodo dragon appears confused.
The komodo dragon completely misses you.
Aiming: Sting (safe; 1% risk of failure)
Press: ? - help, Q - select action, (/) - cycle Shift-Dir - straight line, f/p - komodo dragon
Aim: a komodo dragon (noxious fumes, water, lightly wounded, confused, poisoned, 95% to hit)
The sting hits the komodo dragon.
The komodo dragon looks even sicker.
The komodo dragon is engulfed in noxious fumes.
The komodo dragon appears confused.
The komodo dragon bites you!
Aiming: Sting (safe; 1% risk of failure)
Press: ? - help, Q - select action, (/) - cycle Shift-Dir - straight line, f/p - komodo dragon
Aim: a komodo dragon (noxious fumes, water, lightly wounded, confused, very poisoned, 95% to hit)
The sting hits the komodo dragon.
The komodo dragon looks even sicker.
The komodo dragon is engulfed in noxious fumes.
Aiming: Sting (safe; 1% risk of failure)
Press: ? - help, Q - select action, (/) - cycle Shift-Dir - straight line, f/p - komodo dragon
Aim: a komodo dragon (water, moderately wounded, confused, very poisoned, 95% to hit)
The sting hits the komodo dragon!
The komodo dragon looks as sick as possible!
You scratch the komodo dragon but do no damage.
The komodo dragon misses you.
You scratch the komodo dragon. You scratch the komodo dragon.
The komodo dragon bites you!!
Aiming: Sting (safe; 1% risk of failure)
Press: ? - help, Q - select action, (/) - cycle Shift-Dir - straight line, f/p - komodo dragon
Aim: a komodo dragon (severely wounded, confused, extremely poisoned, 95% to hit)
The sting hits the komodo dragon but does no damage.
The komodo dragon looks as sick as possible!
The komodo dragon bites you!!
Ouch! That really hurt!
You die...
Kikubaaqudgha rasps: You have failed me!
Welcome... death!

.~≈≈~..#####.....####
.~≈≈~~.≈#†##.#####
#~~≈≈~$≈≈.......##
#~≈≈~.≈.######..#
#~≈≈~.#.##≈≈≈##.##
#~≈≈~.##. #≈≈≈..##
~~≈≈~. ######§≈..#
~≈≈ #.##~≈.#§.≈l.# ~≈
#..~≈.#°≈≈@### ~
#.≈≈.##≈####
~~...##).#≈# ~..#
##.### ~. .). .....
....P.. ..o......
.?.........


You could see a komodo dragon (confused, extremely poisoned).

Vanquished Creatures
  Maggie (D:7)
  An unseen horror zombie (D:8)
  Psyche (D:8)
  2 wyverns
  An orc warrior (D:8)
  An ice beast (D:7)
  A sky beast (D:7)
  2 ogres
  A centaur (D:7)
  A phantom (D:5)
  A kobold brigand (D:8)
  2 bullfrogs
  3 scorpions
  A wyvern zombie (D:8)
  10 killer bees
  A howler monkey (D:6)
  A bombardier beetle (D:4)
  A hound (D:6)
  An orc priest (D:7)
  3 jellies
  An iguana (D:5)
  4 orc wizards
  3 gnolls (D:7)
  8 adders
  A white imp (D:6)
  2 ufetubi (D:7)
  3 dart slugs
  6 orcs
  8 ball pythons
  3 endoplasms
  3 goblins
  2 hobgoblins (D:4)
  7 jackals (D:4)
  10 kobolds
  A quokka (D:2)
  3 bats (D:1)
  2 frilled lizards (D:1)
  A rat (D:3)
104 creatures vanquished.

Notes
Turn   | Place    | Note
-------+----------+-------------------------------------------
     0 | D:1      | ragingrage the Felid Alchemist began the quest for the Orb.
     0 | D:1      | Reached XP level 1. HP: 9/9 MP: 4/4
    32 | D:1      | Reached skill level 1 in Conjurations
   163 | D:1      | Reached skill level 3 in Alchemy
   204 | D:1      | Reached XP level 2. HP: 13/13 MP: 3/6
   311 | D:2      | Reached XP level 3. HP: 15/16 MP: 0/7
   315 | D:2      | Learned a level 3 spell: Mephitic Cloud
   419 | D:4      | Noticed an ogre
   490 | D:5      | Entered Level 5 of the Dungeon
   503 | D:4      | Reached skill level 1 in Unarmed Combat
   503 | D:4      | Reached skill level 1 in Air Magic
   503 | D:4      | Reached XP level 4. HP: 10/21 MP: 2/8
   503 | D:4      | Gained a life (2 lives remaining)
   590 | D:4      | Killed an ogre
   591 | D:4      | Reached skill level 4 in Alchemy
   591 | D:4      | Reached XP level 5. HP: 24/24 MP: 0/9
   670 | D:4      | Found a snail-covered altar of Cheibriados.
   763 | D:5      | Gained mutation: You are covered in thick fur. (AC +2)
                  | [Felid growth]
   763 | D:5      | Reached XP level 6. HP: 28/28 MP: 2/10
   783 | D:6      | Found Zasum's Distillery.
   791 | D:6      | Bought a potion of heal wounds for 70 gold pieces
   794 | D:5      | Found Opev Quo's Book Emporium.
   811 | D:5      | Learned a level 4 spell: Sticky Flame
   870 | D:5      | Found Hilesais's Magic Scroll Boutique.
   873 | D:5      | Bought a scroll of noise for 12 gold pieces
   916 | D:6      | Reached skill level 1 in Fire Magic
  1027 | D:6      | Reached skill level 5 in Alchemy
  1051 | D:6      | Found Vawn's Armour Boutique.
  1121 | D:4      | Found Kyojedgh's Jewellery Shoppe.
  1253 | D:5      | Splashed by a jelly's acid
  1253 | D:5      | Lost a life (1 life remaining)
  1276 | D:5      | Found an opulent altar of Gozag.
  1276 | D:5      | Found a stormy altar of Qazlal.
  1284 | D:5      | Found a shimmering altar of Xom.
  1286 | D:5      | Found a glowing golden altar of the Shining One.
  1288 | D:5      | Found an ornate altar of the Wu Jian Council.
  1292 | D:5      | Found a sacrificial altar of Ru.
  1331 | D:5      | Reached XP level 7. HP: 32/32 MP: 4/11
  1331 | D:5      | Gained a life (2 lives remaining)
  1388 | D:5      | Found Zedorgh's Jewellery Boutique.
  1529 | D:6      | Found Oxken's Assorted Antiques.
  1535 | D:6      | Bought a scroll labelled COPOGI YKLANE for 30 gold pieces
  1550 | D:6      | Found Nosmep's Jewellery Shop.
  1644 | D:6      | Found a staircase to the Ecumenical Temple.
  1654 | Temple   | Entered the Ecumenical Temple
  1743 | D:7      | Reached skill level 6 in Alchemy
  1760 | D:7      | Reached XP level 8. HP: 15/36 MP: 0/12
  1802 | D:7      | Mangled by a gnoll sergeant
  1802 | D:7      | Lost a life (1 life remaining)
  1814 | D:7      | Noticed Joseph
  1823 | D:7      | Shot with a sling bullet by Joseph
  1823 | D:7      | Lost a life (0 lives remaining)
  1848 | D:7      | Noticed a +0 falchion
  1848 | D:7      | Noticed a +0 dagger
  1848 | D:7      | Noticed a +0 dagger
  1849 | D:7      | Noticed a +0 short sword
  1849 | D:7      | Noticed a +0 spear
  1850 | D:7      | Noticed a +0 spear
  1851 | D:7      | Noticed a +0 falchion
  1852 | D:7      | Found a hide-covered altar of Uskayaw.
  1852 | D:7      | Noticed a +0 short sword
  2121 | D:7      | Found a hazy altar of Hepliaklqana.
  2159 | D:7      | Noticed Maggie
  2176 | D:7      | Killed Maggie
  2177 | D:7      | Reached skill level 7 in Alchemy
  2182 | D:7      | Learned a level 4 spell: Olgreb's Toxic Radiance
  2192 | D:7      | Reached skill level 5 in Dodging
  2218 | D:7      | Reached skill level 8 in Alchemy
  2246 | D:7      | Found an ancient bone altar of Kikubaaqudgha.
  2250 | D:7      | Became a worshipper of Kikubaaqudgha
  2263 | D:7      | Noticed a deep elf pyromancer
  2275 | D:7      | Reached XP level 9. HP: 14/40 MP: 1/14
  2466 | D:8      | Reached skill level 1 in Fighting
  2522 | D:8      | Noticed Grum
  2708 | D:8      | Found Giweurchi's Weapon Boutique.
  2737 | D:10     | Entered Level 10 of the Dungeon
  2737 | D:10     | Noticed Nergalle
  2840 | D:8      | Noticed Psyche
  2853 | D:8      | Killed Psyche
  2937 | D:8      | Noticed a komodo dragon
  2940 | D:8      | Found a staircase to the Lair.
  3041 | D:8      | Mangled by a komodo dragon

Illustrated notes

Levels and vault maps discovered:
D:1:      minmay_arrival_hallway, layout_loops_ring
D:2:      layout_rooms
D:3:      minmay_angry_zag, layout_loops_ring, mainiacjoe_overflow_big_doors,
          chequers_hall_statues_y, guppyfry_early_lair_pool
D:4:      layout_basic, mainiacjoe_overflow_small_starburst, serial_shops, shop
D:5:      layout_loops_ring, okawaru_altar_gauntlet_db,
          nicolae_overflow_hallway_of_the_gods, serial_shops,
          nicolae_shop_rolled_up, kennysheep_little_box, shop,
          nicolae_diamond_shop, shop, minivault_23, grunt_decor_mini_mirrors
D:6:      layout_loops_corners, temple_hall, serial_shops, shop_statue,
          nicolae_shop_tiny_real_fake_doors, shop, nicolae_shop_crystal
D:7:      layout_basic, kennysheep_mini_moat, nicolae_uskayaw_en_pointe,
          marbit_many_paths, kennysheep_doodads, lightli_corner_chamber,
          uniq_joseph, uniq_maggie
D:8:      wander_river, layout_cave_pools, nicolae_yredelemnul_corpse_copse,
          david_lair_shrubbed, serial_co_window_serial, co_window_corner_a,
          co_window_corner_a, co_window_of_opportunity_a, co_window_corner_a,
          co_window_corner_a, co_window_paths_a, co_window_paths_b,
          co_window_broadway_a, co_window_paths_c, co_window_of_opportunity_c,
          glass_columns_b, glass_columns_a, glass_columns_b, serial_shops,
          nicolae_shop_just_a_little_nook, chequers_serial_rivers_small_b,
          uniq_grum, uniq_psyche
D:9:      layout_roguey, uniq_prince_ribbit1
D:10:     layout_roguey, mainiacjoe_overflow_alcove_4,
          chequers_decorated_corner, uniq_nergalle, uniq_sonja
Temple:   hellmonk_temple_two_chambers

Skill      XL: |  1  2  3  4  5  6  7  8  9 |
---------------+----------------------------+-----
Conjurations   | 1 2 3 |  3.0
Alchemy        | 3 4 5 6 8 |  8.6
Unarmed Combat | 1 2 3 |  3.7
Air Magic      | 1 2 3 |  3.0
Fire Magic     | 2 3 4 |  4.9
Stealth        | 3 |  3.0
Dodging        | 5 |  5.0
Spellcasting   | 3 4 |  4.0
Fighting       | 2 |  2.0

Action                     |  1- 3 |  4- 6 |  7- 9 || total
---------------------------+-------+-------+-------++-------
  Melee: Unarmed           |    35 |    19 |    51 ||   105
         Bite              |     3 |     3 |    14 ||    20
         Punch             |     1 |       |     3 ||     4
   Cast: Sting             |    42 |    63 |    84 ||   189
         Mephitic Cloud    |       |     3 |    11 ||    14
         Sticky Flame      |       |       |     7 ||     7
         Olgreb's Toxic Ra |       |       |     6 ||     6
  Evoke: Wand              |       |       |     3 ||     3
    Use: Potion            |       |       |    10 ||    10
         Scroll            |       |       |     2 ||     2
   Stab: Sleeping          |     1 |     2 |     1 ||     4
         Confused          |       |     1 |     1 ||     2
 Armour: Skin              |    20 |    17 |    76 ||   113
  Dodge: Dodged            |    50 |    27 |   107 ||   184

Table legend: (Time is in decaauts)
 A = Elapsed time spent in this place.
 B = Non-inter-level travel time spent in this place.
 C = Inter-level travel time spent in this place.
 D = Time resting spent in this place.
 E = Time spent auto-exploring this place.
 F = Levels seen in this place.
 G = Mean time per level.
                   A        B        C        D        E       F      G
               +--------+--------+--------+--------+--------+-----+--------+
         Total |   3029 |   2983 |     46 |    324 |      0 |  11 |  275.4 |
       Dungeon |   3027 |   2981 |     46 |    324 |      0 |  10 |  302.7 |
        Temple |      1 |      1 |      0 |      0 |      0 |   1 |    1.0 |
               +--------+--------+--------+--------+--------+-----+--------+

Top non-repeatable levels by time:
     D:7: 688 daAuts
     D:8: 576 daAuts
     D:4: 460 daAuts
     D:6: 449 daAuts
     D:5: 431 daAuts
     D:1: 269 daAuts
     D:2: 79 daAuts
     D:3: 65 daAuts
     D:9: 6 daAuts
    D:10: 1 daAuts
  Temple: 1 daAuts
